 Dungeon Crawl Stone Soup version 0.29.1-1-gd02db6906a (webtiles) character file.

Game seed: 2049045119003034552

6637 warriortoast the Thaumaturge (level 10, -3/58 HPs)
             Began as a Deep Elf Conjurer on Oct 19, 2022.
             Was an Elder of Vehumet.
             Slain by a wyvern (17 damage)
             ... on level 10 of the Dungeon on Oct 20, 2022.
             The game lasted 00:35:26 (11373 turns).

warriortoast the Thaumaturge (Deep Elf Conjurer)   Turns: 11373, Time: 00:35:28

Health: -3/58      AC:  3    Str:  6    XL:     10   Next: 72%
Magic:  12/26      EV: 15    Int: 35    God:    Vehumet [****..]
Gold:   502        SH:  0    Dex: 13    Spells: 14/29 levels left

rFire   + . .      SeeInvis .   F - +12 rapier of Prudence {holy, Will+ Int+3}
rCold   . . .      Faith    .   (no shield)
rNeg    . . .      Spirit   .   z - +0 robe {rF+}
rPois   .          Reflect  .   H - +0 helmet
rElec   .          Harm     .   (no cloak)
rCorr   .          Rampage  .   (no gloves)
Will    ++...                   (no boots)
Stlth   ++........              o - amulet of regeneration
HPRegen 0.99/turn               O - +6 ring of intelligence
MPRegen 0.20/turn               u - ring of flight

@: flying, slowed, very slow
A: no striking features
a: Renounce Religion


You were on level 10 of the Dungeon.
You worshipped Vehumet.
Vehumet was greatly pleased with you.
You visited 1 branch of the dungeon, and saw 10 of its levels.

You collected 718 gold pieces.
You spent 216 gold pieces at shops.

Inventory:

Hand Weapons
 f - a +0 dagger
 m - a +1 short sword of draining
 F - the +12 rapier of Prudence (weapon) {holy, Will+ Int+3}
   (You bought it in a shop on level 5 of the Dungeon)

   It has been blessed by the Shining One to cause great damage to the undead
   and demons.
   Int:       It affects your intelligence (+3).
   Will:      It increases your willpower.
Missiles
 l - a throwing net
Armour
 a - a +0 robe
 v - an orb of wrath
 w - a +0 kite shield
 x - the +3 leather armour of Resonance {rC+ Regen+ Str+3}
   (You found it on level 3 of the Dungeon)

   Str:       It affects your strength (+3).
   rC:        It protects you from cold.
   Regen:     It increases your rate of health regeneration.
 z - a +0 robe of fire resistance (worn)
 H - a +0 helmet (worn)
 J - a +0 robe of positive energy
Jewellery
 b - a ring of fire
 i - a +6 ring of dexterity
 o - an amulet of regeneration (around neck)
 p - an amulet of guardian spirit
 u - a ring of flight (right hand)
 y - a ring of poison resistance
 K - a ring of ice
 M - a ring of willpower
 O - a +6 ring of intelligence (left hand)
 P - a ring of protection from cold
 R - an amulet of the acrobat
Wands
 G - a wand of polymorph (19)
Scrolls
 d - 3 scrolls of blinking
 e - 3 scrolls of teleportation
 g - 2 scrolls of amnesia {unknown}
 q - 4 scrolls of immolation
 r - 4 scrolls of silence {unknown}
 s - a scroll of enchant armour {unknown}
 A - 2 scrolls of magic mapping {unknown}
 D - 2 scrolls of fog {unknown}
 I - 3 scrolls of identify
 L - a scroll of brand weapon {unknown}
 N - a scroll of fear {unknown}
 Q - a scroll of acquirement {unknown}
 T - a scroll of enchant weapon {unknown}
Potions
 c - 2 potions of curing
 h - 2 potions of brilliance
 j - 2 potions of haste {unknown}
 k - 2 potions of invisibility
 n - a potion of ambrosia {unknown}
 t - a potion of might {unknown}
 B - a potion of cancellation {unknown}
 C - a potion of lignification {unknown}
 E - a potion of mutation {unknown}
 S - a potion of degeneration {unknown}
 U - 2 potions of flight {unknown}


   Skills:
 + Level 4.5 Fighting
 + Level 7.2 Dodging
 - Level 2.4 Stealth
 - Level 10.0 Spellcasting
 - Level 10.0 Conjurations
 - Level 8.0 Hexes
 - Level 5.0 Translocations
 - Level 5.0 Air Magic


You had 14 spell levels left.
You knew the following spells:

 Your Spells              Type           Power      Damage    Failure   Level
a - Magic Dart            Conj           100%       1d8       1%          1
b - Dazzling Flash        Conj/Hex       100%       N/A       1%          3
c - Fulminant Prism       Conj/Hex       34%        3d16      1%          4
d - Iskenderun's Mystic   Conj/Tloc      63%        2d13      1%          4
e - Swiftness             Air            51%        N/A       1%          3

Your spell library contained the following spells:

 Spells                   Type           Power      Damage    Failure   Level
 Olgreb's Toxic Radiance  Pois           17%        N/A       7%          4
 Foxfire                  Conj/Fire      100%       2x1d9     1%          1
 Ensorcelled Hibernation  Hex/Ice        90%        N/A       1%          2
 Searing Ray              Conj           100%       2d8       1%          2
 Conjure Flame            Conj/Fire      51%        6-21      1%          3
 Inner Flame              Hex/Fire       45%        N/A       1%          3
 Flame Wave               Conj/Fire      51%        2d13      1%          4
 Necrotise                Necr           68%        1d7       2%          1
 Passwall                 Tmut/Erth      14%        N/A       3%          2
 Anguish                  Hex/Necr       22%        N/A       4%          4
 Conjure Ball Lightning   Conj/Air       31%        3x3d10    4%          6
 Vampiric Draining        Necr           17%        2d7       8%          3
 Iron Shot                Conj/Erth      25%        9d5       13%         6
 Animate Armour           Summ/Erth      34%        N/A       24%         4
 Agony                    Necr           17%        N/A       56%         5
 Blade Hands              Tmut           8%         N/A       56%         5
 Enfeeble                 Hex            32%        N/A       61%         7
 Discord                  Hex            32%        N/A       99%         8
 Borgnjor's Revivificati  Necr           8%         N/A       100%        8
 Disjunction              Tloc           25%        N/A       100%        8
 Necromutation            Tmut/Necr      8%         N/A       100%        8
 Death's Door             Necr           8%         N/A       100%        9


Dungeon Overview and Level Annotations

Branches:
Dungeon (10/15)            Temple (0/1) D:6            Lair (0/5) D:10
    Orc: D:9-12

Altars:
Cheibriados
Dithmenos
Elyvilon
Fedhas
Hepliaklqana
Nemelex Xobeh
Okawaru
Sif Muna
Uskayaw
Vehumet
Xom
Yredelemnul
Zin

Shops:
D:5 (

Annotations:
D:3 1 runed translucent door, RascalDebosk's ghost, amateur DjAE
D:4 LustLizard's ghost, weakling DEAM


Message History

The arrow barely misses you.
Your Dodging skill increases to level 7!
Casting: Iskenderun's Mystic Blast (safe; 1% risk of failure)
Confirm with . or Enter, or press ? or * to list all spells.
You erupt in a blast of force!
The mystic blast hits the centaur!
You kill the centaur!
Vehumet accepts your kill.
You feel your power returning.
You feel sick.
The kobold brigand throws a poisoned dart.
The poisoned dart hits you!
You are more poisoned.
Casting: Iskenderun's Mystic Blast (safe; 1% risk of failure)
Confirm with . or Enter, or press ? or * to list all spells.
Aiming: Fulminant Prism (safe; 1% risk of failure)
Press: ? - help, Dir - move target You conjure a prism of explosive energy!
A fulminant prism comes into view.
You feel very sick. The wyvern bites your fulminant prism.
The wyvern bites your fulminant prism!
Your fulminant prism detonates feebly.
You feel very sick. The wyvern attacks as you move away!
The wyvern barely misses you.
You feel sick. The wyvern closely misses you. The wyvern misses you.
You feel sick. The wyvern barely misses you.
There is a stone staircase leading up here.
Casting: Fulminant Prism (safe; 1% risk of failure)
Confirm with . or Enter, or press ? or * to list all spells.
You erupt in a blast of force!
The mystic blast hits the wyvern!
The wyvern is moderately wounded.
The wyvern is knocked back by the mystic blast.
You feel sick.
The kobold brigand throws a poisoned dart.
The poisoned dart misses you. The wyvern bites you!!
You feel sick.
You are no longer poisoned.
The wyvern bites you.
* * * LOW HITPOINT WARNING * * *
The wyvern hisses menacingly.
The wyvern bites you!
You die...

.. ..#...
.###+#.#_#.
.......#. ...K)...
.. ..)).. ... .K..
....##+#####)#######
..........K.........
.......@lK..........
.....(..............
....................
....................
....................
..###.####.....#####
. #> #.....# ##
#.....# #.....#


You could see a wyvern, a kobold brigand and a kobold.

Vanquished Creatures
  A two-headed ogre (D:9)
  Maggie (D:6)
  2 kobold demonologists (D:10)
  2 unseen horror zombies (D:8)
  Prince Ribbit (D:6)
  Grum (D:9)
  A steam dragon (D:8)
  3 water moccasins
  5 orc warriors
  2 sky beasts (D:6)
  3 black bears
  An ice beast (D:6)
  3 wolves (D:9)
  An ogre (D:4)
  4 centaurs
  3 kobold brigands
  5 bullfrogs
  5 necrophages
  3 scorpions
  2 howler monkeys (D:8)
  2 jellies (D:6)
  6 orc priests
  2 hounds (D:5)
  2 gnoll boudas
  An iguana (D:5)
  Natasha (D:3)
  16 orc wizards
  A statue (D:8)
  A killer bee zombie (D:8)
  A centaur simulacrum (D:4)
  2 bullfrog simulacra (D:4)
  A scorpion simulacrum (D:4)
  2 howler monkey zombies (D:8)
  13 gnolls
  4 adders
  A hound simulacrum (D:4)
  4 white imps
  A worm (D:8)
  47 orcs
  6 bats
  3 endoplasms
  2 giant cockroaches
  7 goblins
  5 hobgoblins
  8 jackals (D:3)
  14 kobolds
  4 quokkas
  2 ball pythons (D:1)
  5 frilled lizards
  4 rats (D:1)
  A spectral orc (D:9)
218 creatures vanquished.

Vanquished Creatures (others)
  7 bushes (D:8)
  76 fulminant prisms
  27 plants
110 creatures vanquished.

Grand Total: 328 creatures vanquished

Notes
Turn   | Place    | Note
-------+----------+-------------------------------------------
     0 | D:1      | warriortoast the Deep Elf Conjurer began the quest for the
                  | Orb.
     0 | D:1      | Reached XP level 1. HP: 10/10 MP: 6/6
   253 | D:1      | Reached XP level 2. HP: 15/15 MP: 5/8
   780 | D:1      | Found a faded altar of an unknown god.
  1139 | D:2      | Reached skill level 5 in Conjurations
  1139 | D:2      | Reached XP level 3. HP: 19/19 MP: 5/10
  1143 | D:2      | Learned a level 3 spell: Dazzling Flash
  1225 | D:2      | Found a radiant altar of Vehumet.
  1233 | D:2      | Became a worshipper of Vehumet
  2222 | D:3      | Reached skill level 1 in Hexes
  2380 | D:3      | Found a shimmering altar of Xom.
  2423 | D:3      | Found a runed translucent door.
  2428 | D:3      | Reached XP level 4. HP: 24/24 MP: 6/12
  2482 | D:3      | Noticed RascalDebosk's ghost (amateur DjAE)
  2525 | D:3      | Noticed Natasha
  2622 | D:3      | Killed Natasha
  2622 | D:3      | Reached * piety under Vehumet
  2622 | D:3      | Offered knowledge of Shock by Vehumet.
  2636 | D:3      | Learned a level 4 spell: Fulminant Prism
  2641 | D:3      | Learned a level 4 spell: Iskenderun's Mystic Blast
  2977 | D:3      | Identified the +3 leather armour of Resonance {rC+ Regen+
                  | Str+3}
  3017 | D:3      | Reached skill level 5 in Spellcasting
  3107 | D:3      | Reached XP level 5. HP: 28/28 MP: 6/14
  3720 | D:4      | Noticed an ogre
  3729 | D:4      | Learned a level 3 spell: Swiftness
  3739 | D:4      | Killed an ogre
  3740 | D:4      | Reached XP level 6. HP: 32/32 MP: 11/16
  3848 | D:4      | Noticed LustLizard's ghost (weakling DEAM)
  4004 | D:4      | Found a runed translucent gate.
  4004 | D:4      | Found a runed translucent gate.
  4004 | D:4      | Found a runed translucent gate.
  4550 | D:5      | Entered Level 5 of the Dungeon
  4592 | D:5      | Found Lukky's Antique Weapon Emporium.
  4703 | D:5      | Bought a crude rapier for 216 gold pieces
  4703 | D:5      | Identified the +12 rapier of Prudence {holy, Will+ Int+3}
                  | (You bought it in a shop on level 5 of the Dungeon)
  4793 | D:5      | Reached XP level 7. HP: 33/36 MP: 15/18
  4898 | D:5      | Reached skill level 5 in Hexes
  4898 | D:5      | Reached skill level 1 in Air Magic
  4952 | D:5      | Found a white marble altar of Elyvilon.
  5093 | D:5      | Found a hazy altar of Hepliaklqana.
  5330 | D:6      | Noticed Maggie
  5341 | D:6      | Killed Maggie
  5342 | D:6      | Reached XP level 8. HP: 21/41 MP: 10/21
  5617 | D:4      | Reached ** piety under Vehumet
  5617 | D:4      | Offered knowledge of Static Discharge by Vehumet.
  5925 | D:6      | Noticed Prince Ribbit
  5934 | D:6      | Killed Prince Ribbit
  6313 | D:6      | Found a sparkling altar of Nemelex Xobeh.
  6378 | D:6      | Found a staircase to the Ecumenical Temple.
  6569 | D:6      | Reached XP level 9. HP: 29/45 MP: 12/23
  7147 | D:7      | Reached skill level 5 in Air Magic
  7157 | D:7      | Offered knowledge of Stone Arrow by Vehumet.
  7879 | D:7      | Reached skill level 10 in Spellcasting
  7879 | D:7      | Reached skill level 1 in Translocations
  8112 | D:7      | Reached *** piety under Vehumet
  8585 | D:8      | Reached skill level 10 in Conjurations
  8852 | D:8      | Found a shimmering blue altar of Sif Muna.
  8901 | D:8      | Offered knowledge of Olgreb's Toxic Radiance by Vehumet.
  9019 | D:8      | Found a radiant altar of Vehumet.
  9058 | D:8      | Found a hide-covered altar of Uskayaw.
  9058 | D:8      | Found a glowing silver altar of Zin.
  9120 | D:8      | Reached skill level 5 in Translocations
  9131 | D:8      | Reached XP level 10. HP: 50/50 MP: 9/26
  9171 | D:8      | Reached skill level 1 in Fighting
  9683 | D:8      | Found a shadowy altar of Dithmenos.
  9708 | D:8      | Found a blossoming altar of Fedhas.
  9969 | D:8      | Found a snail-covered altar of Cheibriados.
 10030 | D:9      | Noticed a two-headed ogre
 10050 | D:9      | Noticed Grum
 10056 | D:9      | Killed Grum
 10181 | D:9      | Reached skill level 5 in Dodging
 10584 | D:9      | Reached **** piety under Vehumet
 10828 | D:9      | Killed a two-headed ogre
 11269 | D:9      | Found a basalt altar of Yredelemnul.
 11353 | D:10     | Entered Level 10 of the Dungeon
 11353 | D:10     | Found a staircase to the Lair.
 11361 | D:10     | Found an iron altar of Okawaru.
 11373 | D:10     | Slain by a wyvern

Illustrated notes

Levels and vault maps discovered:
D:1:      lemuel_arrival_tunnels, layout_loops_cross,
          hellmonk_ecumenical_altar_inner_sanctum, serial_bayou_lagoon_a,
          minmay_misc_feat_room, chequers_serial_rivers_micro_a,
          dreamdust_wishing_well, corexii_item_surrounded_by_moat,
          minmay_misc_feat_plants, corexii_corridor_pit
D:2:      layout_loops_corners, basic_altar, serial_bayou, serial_bayou_pond_a,
          serial_bayou_ford_a, serial_bayou_pond_e, serial_bayou_lagoon_b,
          kennysheep_nondescript, hangedman_abyss_or_decor_lesser_grid
D:3:      layout_loops_ring, amcnicky_altar_gilded,
          hellmonk_ghost_happy_afterlife, st_stairs_10, uniq_natasha
D:4:      layout_basic, gammafunk_ghost_icy, minivault_19
D:5:      layout_rooms, marbit_many_paths, mainiacjoe_overflow_tiny_flanked,
          serial_shops, nicolae_shop_waterfront
D:6:      layout_basic, nemelex_altar_shiori, minmay_temple_entry_overgrown,
          uniq_maggie, uniq_prince_ribbit1
D:7:      layout_gridville, nicolae_figureground_pulse
D:8:      layout_rooms, vehumet_statue,
          nicolae_dithmenos_through_a_glass_darkly,
          chequers_temple_overflow_statue_of_worship,
          nicolae_sif_muna_condensation, fedhas_altar_decomposition,
          chei_slow_surprise
D:9:      layout_basic, yredelemnul_forgotten_temple_becter,
          grunt_decor_mini_mirrors, uniq_grum
D:10:     layout_gridville, lemuel_crystal_altar,
          nicolae_qazlal_general_emergency, okawaru_metal_pillars_1_2,
          lair_entry_dummy, orc_0_dummy

Skill      XL: |  1  2  3  4  5  6  7  8  9 10 |
---------------+-------------------------------+-----
Spellcasting   | 4 5 6 7 8 10 | 10.0
Conjurations   | 5 6 7 8 10 | 10.0
Hexes          | 1 2 3 4 6 7 8 |  8.0
Air Magic      | 3 4 5 |  5.0
Translocations | 5 |  5.0
Fighting       | 4 |  4.5
Dodging        | 7 |  7.2
Stealth        | |  2.4

Action                   |  1- 3 |  4- 6 |  7- 9 | 10-12 || total
-------------------------+-------+-------+-------+-------++-------
Melee: Short sword       |       |    12 |       |       ||    12
       Rapier            |       |     3 |     4 |       ||     7
       Punch             |       |       |     1 |       ||     1
 Cast: Magic Dart        |    89 |    88 |   201 |    39 ||   417
       Fulminant Prism   |       |     2 |    50 |    25 ||    77
       Dazzling Flash    |       |       |     2 |       ||     2
       Iskenderun's Myst |       |       |     7 |    21 ||    28
       Swiftness         |       |       |     1 |       ||     1
  Use: Potion            |       |       |     1 |       ||     1
       Scroll            |       |       |     6 |       ||     6
Armor: Robe              |     1 |     3 |     2 |     1 ||     7
Dodge: Dodged            |     4 |     9 |    21 |    16 ||    50
